 Dungeon Crawl Stone Soup version 0.29-a0-1009-g60c99734e7 (webtiles) character file.

Game seed: 11654901422049846845

2 flotson the Sneak (level 1, -2/18 HPs)
             Began as a Demonspawn Delver on Aug 8, 2022.
             Slain by a hound (5 damage)
             ... on level 4 of the Dungeon.
             The game lasted 00:01:33 (214 turns).

flotson the Sneak (Demonspawn Delver)                Turns: 214, Time: 00:01:34

Health: -2/18      AC:  5    Str: 12    XL:     1   Next: 33%
Magic:  1/1        EV: 14    Int: 11    God:
Gold:   7          SH:  0    Dex: 14    Spells: 0/0 levels left

rFire   . . .      SeeInvis .   a - +0 spear
rCold   . . .      Faith    .   (no shield)
rNeg    . . .      Spirit   .   l - +0 ring mail
rPois   .          Reflect  .   (no helmet)
rElec   .          Harm     .   (no cloak)
rCorr   .          Rampage  .   (no gloves)
Will    .....                   (no boots)
Stlth   ++........              (no amulet)
HPRegen 0.06/turn               h - +4 ring of evasion
MPRegen 0.07/turn               (no ring)

@: no status effects
A: no striking features
a: no special abilities


You were on level 4 of the Dungeon.
You visited 1 branch of the dungeon, and saw 2 of its levels.

You collected 7 gold pieces.

Inventory:

Hand Weapons
 a - a +0 spear (weapon)
Armour
 l - a +0 ring mail (worn)
Jewellery
 h - a +4 ring of evasion (left hand)
Wands
 g - a wand of digging (3)
Scrolls
 c - a scroll of fog
 d - a scroll of magic mapping
Potions
 j - a potion of heal wounds
 m - a potion of degeneration {unknown}
 n - a potion of curing {unknown}


   Skills:
 + Level 3.0 Fighting
 - Level 1.7 Polearms
 + Level 0.1 Armour
 + Level 1.8 Dodging
 - Level 4.5 Stealth
 + Level 0.2 Evocations


You couldn't memorise any spells.
You didn't know any spells.
Your spell library was empty.

Dungeon Overview and Level Annotations

Branches:
Dungeon (5/15)             Temple (0/1) D:5

Altars:
Kikubaaqudgha


Message History

The ufetubus is almost dead.
You miss the ufetubus.
The ufetubus is almost dead.
The ufetubus hits you.
* * * LOW HITPOINT WARNING * * *
The ufetubus hits you.
* * * LOW HITPOINT WARNING * * *
As you read the scroll of fear, it crumbles to dust.
You assume a fearsome visage.
The iguana looks frightened!
The ufetubus looks frightened!
As you read the scroll of magic mapping, it crumbles to dust.
You feel aware of your surroundings.
An ice beast comes into view.
You open the door.
There is an open door here.
You close the door.
There is an open door here.
An orc comes into view.
It is wielding a +0 hand axe and wearing a +1 robe of cold resistance.
You close the door.
Found a falchion.
Found an escape hatch in the ceiling.
Your extra speed is starting to run out.
Found a stone staircase leading up.
An adder comes into view.
You feel yourself slow down.
There is a stone staircase leading up here.
You climb upwards.
The hound barks!
You hear an angry hiss.
Found an ancient bone altar of Kikubaaqudgha.
There is a stone staircase leading down here.
As you read the scroll labelled PAIXZA JUPSOPEGH, it crumbles to dust.
You hear a loud clanging noise!
It was a scroll of noise.
You hear an angry hiss.
You hear a shout! x5
The hound misses you.
As you read the scroll labelled BEASOUK VATIRU, it crumbles to dust.
It is a scroll of identify.
j - a potion of heal wounds The hound bites you.
You die...
P.P.# _ P.P.. ..P.P.. ....P.. # PPP.P..

#.# .....
...#
#.#..##....#
#....@h....#
#.#.####...#
# .#


You could see a hound.

Vanquished Creatures
  2 jackals (D:5)
2 creatures vanquished.

Notes
Turn   | Place    | Note
-------+----------+-------------------------------------------
     0 | D:5      | flotson the Demonspawn Delver began the quest for the Orb.
     0 | D:5      | Reached XP level 1. HP: 18/18 MP: 1/1
   162 | D:5      | Noticed an iguana
   171 | D:5      | Noticed an ice beast
   212 | D:4      | Noticed a hound
   212 | D:4      | Found an ancient bone altar of Kikubaaqudgha.
   214 | D:4      | Slain by a hound

Illustrated notes

Levels and vault maps discovered:
D:4:      layout_loops_ring, mainiacjoe_overflow_paths,
          mainiacjoe_overflow_cross_hatched, lexackson_kobold_supper,
          uniq_eustachio
D:5:      layout_basic, minmay_temple_entry_poolview, serial_corexii_hall,
          corexii_hall_statues_i, corexii_hall_statues_deadend

Action                   || total
-------------------------++-------
Melee: Spear             ||    19
       Punch             ||     1
  Use: Scroll            ||     4
       Potion            ||     1
 Stab: Sleeping          ||     2
Armor: Leather armour    ||     1
       Ring mail         ||     1
Dodge: Dodged            ||    16

Table legend: (Time is in decaauts)
 A = Elapsed time spent in this place.
 B = Non-inter-level travel time spent in this place.
 C = Inter-level travel time spent in this place.
 D = Time resting spent in this place.
 E = Time spent auto-exploring this place.
 F = Levels seen in this place.
 G = Mean time per level.
                   A        B        C        D        E       F      G
               +--------+--------+--------+--------+--------+-----+--------+
         Total |    196 |    196 |      0 |      0 |     89 |   2 |   98.0 |
       Dungeon |    196 |    196 |      0 |      0 |     89 |   2 |   98.0 |
               +--------+--------+--------+--------+--------+-----+--------+

Top non-repeatable levels by time:
     D:5: 194 daAuts
     D:4: 1 daAuts
